 Dungeon Crawl Stone Soup version 0.31-a0-826-ga5cc291a1b (webtiles) character file.

Game seed: 15879092189449442161

187 qw the Shooter (level 5, -9/33 HPs)
             Began as a Gargoyle Hunter on Sept 23, 2023.
             Mangled by an ice beast (12 damage)
             ... on level 3 of the Dungeon.
             The game lasted 00:01:05 (2355 turns).

qw the Shooter (Gargoyle Hunter)                    Turns: 2355, Time: 00:01:05

Health: -9/33      AC: 11    Str: 15    XL:     5   Next: 66%
Magic:  0/5        EV: 12    Int:  9    God:
Gold:   249        SH:  0    Dex: 15    Spells: 4/4 levels left

rFire   . . .        Y - +0 shortbow
rCold   . . .        (shield currently unavailable)
rNeg    + + .        h - +2 robe {rN+}
rPois   inf          b - +2 helmet
rElec   +            (no cloak)
rCorr   .            (no gloves)
SInv    .            (no boots)
Will    .....        c - amulet of guardian spirit
Stlth   ++           (no ring)
HPRegen 0.25/turn    (no ring)
MPRegen 0.09/turn

%: guardian spirit
@: no status effects
A: sickness immunity, AC +4, negative energy resistance 1, electricity
resistance, torment resistance 1, petrification resistance
a: no special abilities


You were on level 3 of the Dungeon.
You visited 1 branch of the dungeon, and saw 4 of its levels.

You collected 249 gold pieces.


Innate Abilities, Weirdness & Mutations

You are immune to sickness and miasma.
Your stone body is resilient. (AC +4)
You are immune to poison.
You resist negative energy. (rN+)
You are resistant to electric shocks. (rElec)
You are resistant to unholy torment.
You are immune to petrification.


   Skills:
 + Level 3.9 Fighting
 - Level 6.0 Ranged Weapons
 - Level 1.5 Dodging
 - Level 1.1 Stealth


You had 4 spell levels left.
You didn't know any spells.
Your spell library was empty.

Inventory:

Hand Weapons
 Y - a +0 shortbow (weapon)
Armour
 b - a +2 helmet (worn)
 h - a +2 robe of positive energy (worn)
Jewellery
 c - an amulet of guardian spirit (around neck)
Scrolls
 e - a scroll of identify
Potions
 a - a potion of might {unknown}
 d - a potion of mutation
 f - a potion of curing
 i - a potion of enlightenment {unknown}
 j - a potion of cancellation

Dungeon Overview and Level Annotations

Branches:
Dungeon (4/15)
 Temple: D:4-7

Altars:
Uskayaw
Wu Jian
Zin
The Shining One


Message History

You climb upwards.
There is a stone staircase leading down here.
You shoot an arrow. The arrow barely misses the ice beast.
The gnoll misses you. The ice beast barely misses you.
You shoot an arrow. The arrow barely misses the ice beast.
The gnoll hits you with a +0 flail!
The ice beast hits you but does no damage.
You shoot an arrow. The arrow hits the ice beast!
The ice beast is moderately wounded.
The gnoll closely misses you. The ice beast completely misses you.
You shoot an arrow. The arrow closely misses the ice beast.
The gnoll hits you with a +0 flail.
The ice beast hits you but does no damage.
You shoot an arrow. The arrow hits the ice beast.
The ice beast is moderately wounded.
The gnoll closely misses you.
The ice beast hits you but does no damage.
The gnoll closely misses you. The ice beast closely misses you.
You shoot an arrow. The arrow hits the ice beast.
The ice beast is heavily wounded.
The gnoll hits you with a +0 flail. The ice beast hits you.
The ice beast freezes you!
You shoot an arrow.
The arrow completely misses the ice beast.
The gnoll barely misses you. The ice beast closely misses you.
You shoot an arrow. The arrow closely misses the ice beast.
The gnoll closely misses you. The ice beast barely misses you.
You shoot an arrow. The arrow hits the ice beast.
The ice beast is severely wounded.
The gnoll hits you but does no damage. The ice beast completely misses you.
You shoot an arrow.
The arrow hits the ice beast but does no damage.
The ice beast is severely wounded.
The gnoll barely misses you.
The ice beast hits you but does no damage.
You shoot an arrow. The arrow hits the ice beast!
The ice beast is almost dead.
The gnoll hits you with a +0 flail! The ice beast hits you.
The ice beast freezes you!
You die...

#~##.##....# #.'.._..#..<#
~~##.#####)## #.#.....#...#
.....# #..## #.#.....#...#
~~##.# ##..# #.#######.#.#
#~##.#######.###.........#.#
#~##.#######.....#.##.#..#.#
#~##.###########.#....##.#.#
#~...######.)...Y....###.#.#
#~#########..%..@%)......#.#
~~#####.......:.^g......(#.#
..#####.....#######.....)#.#
..#####...).#######......#.#
..#####.....#######......#.#
..#####.....#######........#
#######.....#######.....####
####.....#######.....#
####.....#######.....#


You could see an ice beast and a gnoll.

Vanquished Creatures
  Jessica (D:2)
  2 orc wizards (D:3)
  A gnoll (D:3)
  5 adders
  2 dart slugs (D:2)
  4 orcs (D:3)
  5 ball pythons
  2 endoplasms
  A giant cockroach (D:1)
  6 goblins
  4 hobgoblins
  4 jackals
  4 quokkas
  A bat (D:2)
  A frilled lizard (D:2)
  7 kobolds
  4 rats
54 creatures vanquished.

Notes
Turn   | Place    | Note
-------+----------+-------------------------------------------
     0 | D:1      | qw the Gargoyle Hunter began the quest for the Orb.
     0 | D:1      | Reached XP level 1. HP: 12/12 MP: 1/1
     0 | D:1      | 0 ||| qw: Version: 0.3-a-83-gcd0e7d8
     0 | D:1      | 0 ||| qw: Game counter: 1915
     0 | D:1      | 0 ||| qw: Melee chars always use a shield: true
     0 | D:1      | 0 ||| qw: God list: Okawaru
     0 | D:1      | 0 ||| qw: Allow faded altars: false
     0 | D:1      | 0 ||| qw: Do Orc after clearing Dungeon:15 true
     0 | D:1      | 0 ||| qw: Do second Lair branch before Depths: true
     0 | D:1      | 0 ||| qw: Lair rune preference: random
     0 | D:1      | 0 ||| qw: Goals: Normal
     0 | D:1      | 0 ||| PLANNING D:1-11
   274 | D:1      | Reached XP level 2. HP: 17/17 MP: 2/2
   443 | D:1      | Found a faded altar of an unknown god.
   587 | D:1      | 587 ||| READING scroll labelled RAMIRR JOEWUQISIE.
   588 | D:1      | 588 ||| READING scroll labelled RODIYQAKUG.
   592 | D:1      | 592 ||| READING scroll labelled LOCEOP PEANN.
   593 | D:1      | 593 ||| DRINKING 2 white potions.
   594 | D:1      | 594 ||| DROPPING scroll of butterflies.
  1017 | D:2      | Reached XP level 3. HP: 21/21 MP: 3/3
  1123 | D:2      | Reached skill level 5 in Ranged Weapons
  1126 | D:2      | Noticed Jessica
  1135 | D:2      | Killed Jessica
  1136 | D:2      | Reached skill level 3 in Fighting
  1193 | D:2      | Reached XP level 4. HP: 23/28 MP: 4/4
  1611 | D:2      | 1611 ||| UPGRADING to +0 ring mail.
  1621 | D:2      | 1621 ||| UPGRADING to +2 helmet.
  1626 | D:2      | 1626 ||| DROPPING +0 leather armour.
  1627 | D:2      | 1627 ||| UPGRADING to +2 robe of positive energy.
  1637 | D:2      | 1637 ||| DROPPING +0 ring mail.
  1638 | D:2      | 1638 ||| READING scroll labelled BAGOYCU RIXZUO.
  1639 | D:2      | 1639 ||| READING 2 scrolls labelled TASULI QUAMAEFF.
  1640 | D:2      | 1640 ||| READING 2 scrolls of identify.
  1640 | D:2      | 1640 ||| IDENTIFYING bubbling green potion
  1641 | D:2      | 1641 ||| DROPPING scroll of poison.
  1732 | D:3      | Found an ornate altar of the Wu Jian Council.
  1732 | D:3      | Found a hide-covered altar of Uskayaw.
  1763 | D:3      | Found a glowing golden altar of the Shining One.
  1879 | D:3      | 1879 ||| Stepping ~*~*~tactically~*~*~ (retreating).
  1901 | D:3      | Reached XP level 5. HP: 32/32 MP: 5/5
  1902 | D:3      | 1902 ||| Stepping randomly (disturbance).
  1917 | D:3      | Reached skill level 6 in Ranged Weapons
  2034 | D:3      | Found a glowing silver altar of Zin.
  2278 | D:3      | 2278 ||| UPGRADING to amulet of guardian spirit.
  2283 | D:3      | 2283 ||| READING scroll labelled REDUAHE ZOAXA.
  2284 | D:3      | 2284 ||| DRINKING 2 bubbling sapphire potions.
  2298 | D:4      | 2298 ||| STAIRDANCE
  2322 | D:4      | Noticed an ice beast
  2323 | D:4      | 2323 ||| STAIRDANCE
  2343 | D:4      | 2343 ||| STAIRDANCE
  2355 | D:3      | HP: 4/33 [gnoll/+0 flail (9)]
  2355 | D:3      | Mangled by an ice beast

Levels and vault maps discovered:
D:1:      erik_arrival_blinker_ship, layout_loops_ring,
          shapermc_ecumenical_altar_petra, serial_bayou_pond_d,
          minmay_misc_feat_chi
D:2:      layout_basic, minmay_pentomino_q4, uniq_jessica
D:3:      layout_basic, amcnicky_altar_gilded, lemuel_doored_altar,
          nicolae_overflow_two_pavilions
D:4:      layout_rooms, uniq_grinder, uniq_pargi

Skill      XL: |  1  2  3  4  5 |
---------------+----------------+-----
Ranged Weapons | 5 6 |  6.0
Fighting       | 3 |  3.9
Dodging        | |  1.5
Stealth        | |  1.1

Action                     |  1- 3 |  4- 6 || total
---------------------------+-------+-------++-------
   Fire: Shortbow          |    99 |   154 ||   253
    Use: Scroll            |     3 |     4 ||     7
         Potion            |     1 |     1 ||     2
 Armour: Leather armour    |    32 |     7 ||    39
         Robe              |       |    53 ||    53
  Dodge: Dodged            |    41 |    42 ||    83

Table legend:
 A = Non-vault XP
 B = Vault XP
 C = Vault XP percentage of total XP
 D = Non-vault monster count
 E = Vault monster count
 F = Vault count percentage of total count
                 A         B        C        D         E       F
            +---------+---------+-------+---------+---------+-------
      Total |     229 |      39 |  14.6 |      52 |       2 |   3.7
            +---------+---------+-------+---------+---------+-------
        D:1 |      15 |       0 |   0.0 |       9 |       0 |   0.0
        D:2 |      49 |      39 |  44.3 |      20 |       2 |   9.1
        D:3 |     165 |       0 |   0.0 |      23 |       0 |   0.0
            +---------+---------+-------+---------+---------+-------
